AoeStats
← eugenioragni1

African Clearing

506628435Analyzed
3v3 RM · 16d ago on Sep 14, 2026· 35m 51s· 6 players
Game mode
Random Map
Map size
Normal (6 player)
Population
200
Speed
Normal
Resources
Standard
Victory
Conquest
Starting age
Dark Age
Ending age
Imperial Age
RankedLock teamsTeams togetherTeam positionsShared explorationLock speedFull tech treeHidden civsTurbo modeCheats
Victory
Defeat
🇪🇸 Tupi · Spain
846
+14
🇫🇷 Byzantines · France
823
+15
🇮🇹 Wei · Italy
809
+16
🇦🇷 Goths · Argentina
850
-16
🇹🇼 Mongols · Taiwan
794
-15
🇯🇵 Burgundians · Japan
784
-14
Mameluco
4:22 Loom
16:11 Feudal Age
20:47 Castle Age
27:01 Fletching
33:13 Ballistics
LeVieuxMachin
eugenioragni1
14:44 Feudal Age
21:55 Castle Age
20:10 Double-Bit Axe
20:45 Fletching
21:41 Horse Collar
22:13 Padded Archer Armor
24:38 Bodkin Arrow
27:16 Leather Archer Armor
27:45 Wheelbarrow
30:24 Ballistics
32:37 Light Cavalry
33:28 Bloodlines
33:18 Husbandry
33:33 Forging
33:29 Scale Barding Armor
34:28 Heavy Plow
34:22 Gold Mining
35:58 Iron Casting
35:45 Chain Barding Armor
35:58 Tuntian
37:02 Gold Shaft Mining
深嵐
4:46 Loom
13:29 Feudal Age
14:50 Double-Bit Axe
22:18 Castle Age
23:06 Wheelbarrow
23:13 Bow Saw
24:15 Fishing Lines
27:12 Gillnets
27:46 Elite Skirmisher
30:29 Fletching
32:34 Ballistics
32:16 Padded Archer Armor
32:12 Bodkin Arrow
32:54 Horse Collar
34:02 Stone Mining
34:02 Gold Mining
35:28 Nomads
35:53 Hand Cart
Lubuntu10.04LTS
Dup229426
6:51 Loom
20:11 Feudal Age
20:57 Horse Collar
21:04 Double-Bit Axe
21:14 Gold Mining
21:15 Stone Mining
26:16 Castle Age
24:52 Wheelbarrow
28:11 Elite Skirmisher
32:27 Anarchy
Connection lost

Rejoining the realm…

Still unreachable

The connection could not be restored.

Session expired

The server has moved on; the page needs a fresh start.